Map: Ruins of Seras

Players

Soundwave

  • Race: Zerg Zerg

A.I. 1 (Elite) - Winner!

  • Race: Protoss Protoss

VOD

Have the link to the VOD?

Description

Time

  • Played on: Nov. 17, 2015, 4:31 a.m.
  • Length: 18:47
Show
View Real Time Build Order
Export as new Build Order

Soundwave Zerg 

Build Orders: Hatch First 

Get SALT Encoding   

  12  0:02  Drone  
  13  0:13  Drone  
  14  0:23  Drone, Extractor  
  15  0:43  Hatchery  
  15  0:47  Extractor  
  15  0:48  Drone  
  15  1:00  Spawning Pool  
  14  1:09  Drone, Extractor  
  14  1:12  Overlord  
  14  1:30  Drone  
  14  1:31  Drone  
  16  1:33  Drone  
  17  1:46  Queen  
  19  1:49  Drone  
  20  1:59  Queen  
  22  2:04  Drone x2  
  22  2:05  Drone  
  25  2:10  Overlord  
  25  2:18  Drone x2  
  27  2:24  Extractor  
  27  2:28  Metabolic Boost  
  26  2:32  Drone  
  26  2:33  Drone  
  26  2:36  Drone  
  29  2:48  Roach Warren  
  28  2:58  Queen  
  30  3:05  Drone x3  
  32  3:07  Drone  
  32  3:12  Drone  
  35  3:34  Lair  
  35  3:42  Drone  
  35  3:44  Overlord x3  
  36  4:17  Drone x4  
  36  4:18  Drone x7  
  36  4:19  Drone x4  
  36  4:24  Spine Crawler  
  50  4:26  Overlord  
  50  4:38  Evolution Chamber  
  50  4:39  Evolution Chamber  
  50  4:43  Queen  
  50  4:47  Extractor  
  50  4:48  Extractor  
  48  4:59  Drone  
  50  5:00  Drone x3  
  50  5:03  Hatchery  
  50  5:04  Zerg Melee Weapons Level 1  
  50  5:05  Zerg Ground Armor Level 1  
  51  5:37  Hydralisk Den  
  51  5:41  Drone x2  
  52  5:51  Spine Crawler  
  51  6:06  Hydralisk x5, Muscular Augments  
  51  6:07  Hydralisk x3  
  67  6:12  Overlord x3  
  67  6:13  Overlord x2  
  67  6:15  Overseer  
  67  6:44  Drone x4  
  67  6:45  Drone x7  
  67  6:46  Drone x3  
  81  7:02  Zerg Melee Weapons Level 2  
  81  7:03  Zerg Ground Armor Level 2, Infestation Pit  
  81  7:05  Zergling x4  
  81  7:06  Zergling x8  
  86  7:19  Extractor  
  86  7:20  Extractor  
  86  7:21  Drone x2  
  86  7:32  Drone x3  
  86  7:33  Drone  
  86  7:34  Drone x2  
  86  7:35  Overlord x3  
  92  8:01  Hive  
  92  8:02  Lurker Den  
  92  8:07  Hatchery  
  91  8:34  Spine Crawler  
  91  8:39  Hydralisk x4  
  91  8:40  Hydralisk x7  
  91  8:41  Hydralisk x7  
  126  9:18  Ultralisk Cavern  
  125  9:33  Overlord x5  
  125  9:34  Overlord x4  
  125  9:36  Viper  
  125  9:38  Hydralisk x5  
  128  9:39  Hydralisk x3  
  144  10:04  Zergling x10  
  144  10:05  Zergling x14  
  144  10:06  Zergling x12  
  162  10:10  Hatchery  
  152  10:22  Ultralisk x4  
  143  10:32  Roach x5  
  143  10:33  Roach  
  116  10:47  Ultralisk  
  116  10:49  Ultralisk  
  114  10:58  Roach x5  
  116  11:07  Ultralisk  
  120  11:22  Zerg Melee Weapons Level 3  
  120  11:28  Zerg Ground Armor Level 3  
  120  11:29  Hatchery  
  111  11:41  Hydralisk  
  111  11:42  Hydralisk x4  
  121  11:54  Ultralisk  
  127  12:01  Adrenal Glands  
  127  12:03  Zergling x10  
  127  12:04  Zergling x2  
  133  12:36  Zergling x8  
  133  12:37  Zergling x14  
  139  12:38  Zergling x4  
  139  12:40  Ultralisk  
  139  12:44  Ultralisk  
  158  12:58  Queen  
  160  13:14  Ultralisk x3  
  178  13:35  Ultralisk  
  178  13:38  Zergling x8  
  178  13:39  Zergling x2  
  189  13:57  Zergling x4  
  189  13:58  Zergling x14  
  195  14:08  Hatchery, Ultralisk, Extractor x2  
  159  14:16  Hydralisk  
  147  14:17  Hydralisk x4  
  157  14:39  Extractor  
  157  14:41  Queen, Extractor  
  157  14:43  Drone x3  
  157  14:44  Drone  
  161  14:46  Ultralisk  
  161  14:49  Ultralisk  
  173  15:04  Zerg Missile Weapons Level 1  
  173  15:06  Chitinous Plating  
  173  15:19  Ultralisk x2  
  173  15:20  Zergling x8  
  191  15:43  Roach x5  
  178  16:07  Hydralisk x6  
  178  16:08  Hydralisk x7  
  178  16:09  Hydralisk x2  
  176  16:17  Ultralisk  
  136  16:42  Drone x4  
  136  16:47  Overseer  
  140  16:50  Ultralisk x2  
  152  16:54  Ultralisk  
  152  16:55  Zergling x6  
  152  16:56  Zergling x6  
  152  16:57  Zergling x2  
  165  17:15  Ultralisk  
  171  17:18  Drone  
  171  17:19  Drone x2  
  174  17:25  Extractor  
  174  17:27  Extractor  
  174  17:28  Drone x3  
  174  17:29  Drone x2  
  177  17:30  Drone  
  177  17:34  Drone  
  177  17:35  Drone x3  
  182  17:38  Ultralisk  
  188  17:56  Hydralisk x3  
  188  17:57  Hydralisk x3  
  188  17:58  Zergling x14  
  170  17:59  Zergling x6  
  109  18:13  Hydralisk x2  
  109  18:15  Zergling x4  
  109  18:16  Roach  
  109  18:17  Zergling x4  
Show
View Real Time Build Order
Export as new Build Order

A.I. 1 (Elite) Protoss - Winner!

Build Orders: 1 Gate Expand, Zealot Archon 

Get SALT Encoding   

  12  0:01  Probe (Chrono Boost)  
  13  0:11  Probe (Chrono Boost)  
  14  0:21  Pylon  
  14  0:22  Probe (Chrono Boost)  
  15  0:40  Probe (Chrono Boost)  
  16  0:50  Probe (Chrono Boost)  
  16  0:52  Gateway  
  17  1:01  Probe (Chrono Boost)  
  19  1:11  Probe (Chrono Boost)  
  19  1:13  Assimilator  
  19  1:16  Pylon  
  19  1:22  Probe (Chrono Boost)  
  20  1:37  Nexus  
  20  1:47  Cybernetics Core  
  20  1:48  Probe (Chrono Boost)  
  21  1:54  Zealot  
  23  2:10  Gateway  
  23  2:11  Probe (Chrono Boost)  
  24  2:20  Pylon  
  24  2:22  Probe (Chrono Boost)  
  25  2:28  Zealot, Warp Gate  
  27  2:33  Probe (Chrono Boost)  
  29  2:45  Probe (Chrono Boost)  
  29  2:46  Assimilator  
  29  2:50  Probe (Chrono Boost)  
  30  2:54  Adept  
  32  3:00  Adept  
  35  3:06  Probe (Chrono Boost)  
  35  3:11  Pylon  
  36  3:14  Probe (Chrono Boost)  
  36  3:19  Stalker  
  36  3:23  Probe (Chrono Boost)  
  36  3:26  Probe (Chrono Boost)  
  41  3:34  Probe (Chrono Boost)  
  41  3:38  Probe (Chrono Boost)  
  41  3:40  Robotics Facility  
  42  3:43  Adept  
  45  3:49  Probe (Chrono Boost)  
  45  3:50  Probe (Chrono Boost)  
  45  3:52  Adept  
  48  4:00  Probe (Chrono Boost)  
  48  4:02  Probe (Chrono Boost)  
  50  4:08  Adept  
  50  4:12  Probe (Chrono Boost)  
  50  4:13  Probe (Chrono Boost)  
  50  4:14  Pylon  
  56  4:24  Probe x2 (Chrono Boost)  
  56  4:25  Immortal  
  56  4:29  Stalker  
  62  4:35  Probe (Chrono Boost)  
  62  4:37  Probe (Chrono Boost), Pylon  
  64  4:42  Stalker  
  67  4:46  Probe (Chrono Boost)  
  67  4:49  Probe (Chrono Boost)  
  67  4:51  Robotics Facility  
  68  4:54  Stalker  
  70  5:00  Immortal  
  70  5:05  Probe (Chrono Boost)  
  70  5:06  Probe (Chrono Boost)  
  76  5:11  Pylon  
  76  5:13  Pylon  
  76  5:20  Stalker  
  78  5:26  Twilight Council  
  78  5:29  Assimilator  
  78  5:31  Probe (Chrono Boost)  
  79  5:38  Assimilator  
  79  5:46  Gateway  
  79  5:52  Probe x2 (Chrono Boost)  
  81  5:57  Pylon  
  81  6:00  Zealot  
  81  6:03  Probe (Chrono Boost)  
  85  6:04  Probe (Chrono Boost)  
  85  6:07  Templar Archives  
  85  6:14  Probe (Chrono Boost)  
  86  6:21  Forge  
  86  6:22  Nexus  
  86  6:36  Sentry  
  86  6:37  Forge  
  86  6:38  Pylon  
  88  6:40  Stalker  
  88  6:43  Gateway  
  88  6:45  Stalker  
  92  6:56  Stalker  
  92  6:58  Protoss Ground Weapons Level 1  
  92  7:00  Pylon  
  92  7:01  High Templar  
  96  7:06  Sentry  
  98  7:12  Pylon  
  98  7:15  Observer  
  98  7:17  High Templar  
  101  7:22  Protoss Ground Armor Level 1  
  101  7:29  Zealot  
  103  7:32  Photon Cannon  
  103  7:34  Archon  
  103  7:37  Gateway, Probe x3 (Chrono Boost)  
  106  7:39  High Templar, Photon Cannon  
  106  7:42  Pylon  
  108  7:46  Assimilator  
  108  7:48  Probe (Chrono Boost), Nexus, Pylon  
  108  7:49  Probe (Chrono Boost), Assimilator  
  108  7:50  Probe (Chrono Boost)  
  111  7:54  High Templar  
  113  8:00  Probe (Chrono Boost)  
  113  8:01  Probe (Chrono Boost)  
  113  8:02  Probe (Chrono Boost)  
  116  8:08  Archon  
  116  8:09  High Templar  
  116  8:12  Probe (Chrono Boost)  
  120  8:13  Probe x2 (Chrono Boost)  
  120  8:18  Photon Cannon  
  121  8:20  High Templar  
  121  8:24  Probe x3 (Chrono Boost)  
  126  8:29  High Templar  
  126  8:30  Photon Cannon  
  128  8:35  Probe (Chrono Boost), Archon  
  128  8:36  Probe x2 (Chrono Boost)  
  128  8:38  High Templar, Photon Cannon  
  133  8:43  Pylon  
  133  8:45  Zealot  
  133  8:46  Zealot  
  133  8:48  Probe (Chrono Boost)  
  137  8:50  Zealot  
  137  8:55  Archon  
  139  9:00  High Templar  
  139  9:02  Psionic Storm  
  141  9:05  Zealot x2  
  141  9:09  Zealot  
  147  9:10  Zealot  
  147  9:14  Assimilator  
  147  9:16  Pylon  
  149  9:19  Assimilator  
  149  9:23  Zealot  
  149  9:24  Sentry  
  153  9:28  Stalker, High Templar  
  153  9:29  Photon Cannon  
  153  9:31  High Templar  
  159  9:37  Archon  
  159  9:38  Warp Prism, Photon Cannon  
  159  9:39  Warp Prism  
  159  9:41  High Templar  
  159  9:42  Pylon  
  159  9:45  Zealot  
  167  9:48  Stalker  
  169  9:58  High Templar  
  171  10:00  Zealot  
  171  10:03  Pylon  
  171  10:04  Archon  
  171  10:05  High Templar  
  175  10:10  Zealot  
  175  10:12  Photon Cannon, High Templar  
  175  10:13  Observer x2, Archon  
  179  10:19  Zealot  
  183  10:21  Photon Cannon  
  155  10:28  Zealot, High Templar  
  155  10:32  Robotics Bay  
  155  10:35  Zealot  
  137  10:38  Zealot  
  137  10:41  Zealot  
  121  10:47  Zealot  
  119  10:53  Photon Cannon, High Templar  
  119  10:56  Zealot, Photon Cannon  
  123  10:57  Stalker  
  123  10:58  Gateway  
  123  10:59  Stalker, Nexus  
  127  11:05  Sentry  
  115  11:12  Immortal  
  115  11:14  Sentry, Colossus  
  115  11:18  Adept  
  109  11:20  Adept  
  109  11:22  High Templar  
  109  11:25  Stalker  
  121  11:34  Stalker  
  121  11:36  Stalker  
  109  11:40  Zealot  
  109  11:46  Zealot  
  113  11:48  Immortal  
  113  11:51  Sentry  
  113  11:53  Stalker  
  121  11:56  Adept  
  121  11:57  High Templar  
  121  11:59  Stalker  
  127  12:05  Immortal, High Templar  
  127  12:07  Archon  
  133  12:12  Probe (Chrono Boost)  
  133  12:14  High Templar  
  133  12:15  Stalker  
  137  12:22  Assimilator  
  137  12:23  High Templar  
  137  12:24  Immortal  
  137  12:27  Assimilator  
  137  12:28  High Templar, Archon  
  145  12:37  Stalker  
  145  12:39  Stalker  
  145  12:41  Immortal, High Templar, Archon  
  151  12:45  Pylon  
  151  12:49  High Templar  
  157  13:00  Immortal  
  157  13:01  Stalker, Zealot  
  157  13:02  High Templar, Archon, Photon Cannon  
  167  13:06  Colossus  
  167  13:09  Stalker  
  167  13:10  Protoss Ground Weapons Level 2  
  167  13:12  High Templar  
  171  13:16  Immortal  
  171  13:17  Blink  
  175  13:28  Stalker  
  175  13:30  Stalker  
  175  13:31  Adept  
  181  13:35  Sentry  
  181  13:36  Immortal, Nexus  
  181  13:38  Sentry  
  189  13:44  Robotics Facility  
  189  13:47  Observer Gravitic Boosters  
  189  13:51  Zealot, Stargate  
  191  13:57  Immortal  
  191  14:01  Zealot  
  191  14:02  Zealot x2  
  197  14:06  Zealot  
  197  14:08  Stalker  
  151  14:11  Adept  
  113  14:20  Stalker  
  113  14:21  High Templar  
  113  14:22  High Templar  
  109  14:25  Sentry  
  109  14:30  Sentry  
  109  14:31  Zealot  
  115  14:36  Immortal  
  115  14:40  Archon, Gravitic Drive  
  115  14:41  High Templar  
  115  14:44  Immortal  
  121  14:47  Zealot  
  121  14:50  Zealot x2  
  121  14:51  Adept  
  133  14:52  Zealot  
  135  15:03  Immortal  
  135  15:05  Zealot  
  141  15:08  Zealot  
  141  15:09  Zealot  
  141  15:10  High Templar  
  141  15:11  Zealot  
  141  15:12  Stalker  
  151  15:14  Immortal  
  151  15:19  Immortal  
  155  15:24  Stalker  
  155  15:27  Stalker x2  
  165  15:28  Archon  
  165  15:29  High Templar  
  165  15:34  Stalker  
  169  15:38  Immortal  
  169  15:39  Stalker  
  175  15:45  High Templar  
  177  15:50  Immortal  
  177  15:55  Immortal  
  177  15:56  Stalker  
  183  15:59  Zealot  
  183  16:01  Zealot  
  183  16:03  Zealot  
  189  16:05  High Templar  
  149  16:14  High Templar  
  149  16:17  Sentry, Zealot  
  141  16:19  Sentry  
  141  16:21  Protoss Ground Armor Level 2  
  141  16:22  Stalker  
  143  16:33  Archon  
  143  16:34  Zealot  
  143  16:35  Zealot  
  143  16:38  Sentry  
  149  16:40  Adept  
  149  16:42  High Templar  
  149  16:43  Zealot  
  155  16:49  Pylon  
  155  16:52  Zealot  
  155  16:53  Sentry  
  159  16:58  Sentry, Zealot  
  163  17:01  Zealot  
  163  17:03  Pylon  
  163  17:06  Nexus  
  165  17:10  Sentry  
  165  17:11  Zealot  
  165  17:13  Adept  
  171  17:16  Adept  
  171  17:18  Stalker  
  171  17:19  High Templar  
  177  17:23  Forge  
  177  17:27  Photon Cannon  
  177  17:29  Stalker, Photon Cannon  
  179  17:31  Stalker, Pylon  
  179  17:32  Stalker  
  179  17:34  Stalker  
  185  17:39  Stalker  
  187  17:48  Adept  
  187  17:50  Photon Cannon  
  187  17:51  Zealot  
  191  17:52  Stalker, Zealot  
  191  17:55  Zealot  
  181  18:00  Zealot  
  173  18:07  Zealot  
  173  18:09  Stalker  
  173  18:10  Sentry  
  173  18:12  Stalker  
  175  18:13  Zealot  
  175  18:18  Stalker  
  179  18:25  Zealot  
  179  18:26  Pylon  
  181  18:30  Adept, Pylon  
  181  18:31  Sentry  
  181  18:32  Sentry  
  181  18:33  Stalker  
Tags
 
Add a new tag
Caveats
  • Supply blocks, unpowered buildings, or Contaminate may cause inaccurate times.
  • Supply counts are checked every 10 seconds.